 Dungeon Crawl Stone Soup version 0.22.1-6-g1668fe2 (webtiles) character file.

256 Fang the Chopper (level 6, -6/38 HPs)
             Began as a Gargoyle Berserker on Feb 1, 2019.
             Was a Priest of Trog.
             Mangled by an ogre
             ... wielding a +0 giant club
              (22 damage)
             ... on level 4 of the Dungeon.
             The game lasted 00:04:39 (2959 turns).

Fang the Chopper (Gargoyle Berserker)               Turns: 2959, Time: 00:04:39

Health: -6/38      AC: 13    Str: 23    XL:     6   Next: 16%
Magic:  6/6        EV:  8    Int:  7    God:    Trog [***...]
Gold:   236        SH:  0    Dex:  9    Spells: 5/5 levels left

rFire    . . .     SeeInvis .   m - +0 war axe
rCold    . . .     Gourm    .   (no shield)
rNeg     + . .     Faith    .   j - +0 chain mail
rPois    ∞         Spirit   .   (no helmet)
rElec    +         Reflect  .   (no cloak)
rCorr    .         Harm     .   (no gloves)
MR       .....                  (no boots)
Stlth    ..........             (no amulet)
HPRegen  0.12/turn              (no ring)
MPRegen  0.10/turn              (no ring)

@: no status effects
A: negative energy resistance 1, electricity resistance, unbreathing,
petrification resistance, rot immunity, AC +4
a: Berserk, Trog's Hand, Renounce Religion


You were on level 4 of the Dungeon.
You worshipped Trog.
Trog was most pleased with you.
You were hungry.

You visited 1 branch of the dungeon, and saw 4 of its levels.

You collected 236 gold pieces.

Inventory:

Hand Weapons
 m - a +0 war axe (weapon)
Armour
 j - a +0 chain mail (worn)
Wands
 l - a wand of polymorph (13)
Scrolls
 a - 2 scrolls of fear {unknown}
 b - a scroll of noise {unknown}
 d - 5 scrolls of identify {unknown}
 f - a scroll of enchant armour {unknown}
 i - a scroll of teleportation {unknown}
 n - a scroll of blinking {unknown}
Potions
 e - a potion of heal wounds {unknown}
 g - a potion of agility {unknown}
 h - 2 potions of invisibility {unknown}
 k - a potion of cancellation {unknown}
 p - a potion of curing {unknown}
 q - a potion of brilliance {unknown}
Comestibles
 c - 7 rations


   Skills:
 + Level 4.1 Fighting
 + Level 4.7 Axes
 + Level 3.4 Armour
 + Level 2.3 Dodging
 + Level 0.3 Stealth


You had 5 spell levels left.
You didn't know any spells.
Your spell library was empty.

Dungeon Overview and Level Annotations

Branches:
Dungeon (4/15)
 Temple: D:4-7

Altars:
Yredelemnul


Innate Abilities, Weirdness & Mutations

You are resistant to torment.
Your stone body is resilient. (AC +4)
You are immune to poison.
You resist negative energy. (rN+)
You are resistant to electric shocks. (rElec)
You can survive without breathing.
You are immune to petrification.
You are immune to rotting.


Message History

You hit the ogre but do no damage. The ogre hits you with a giant club.
You barely miss the ogre. The ogre hits you with a giant club.
You barely miss the ogre. The ogre hits you with a giant club!
You are too injured to fight recklessly!
You are too injured to fight recklessly!
You are too injured to fight recklessly!
You are too injured to fight recklessly!
You are too injured to fight recklessly!
You are too injured to fight recklessly!
You are too injured to fight recklessly!
You are too injured to fight recklessly!
You are too injured to fight recklessly!
You are too injured to fight recklessly!
You are too injured to fight recklessly!
You are too injured to fight recklessly!
You slash the ogre!
The ogre is severely wounded.
The ogre hits you with a giant club!!
Ouch! That really hurt!
You die...

........
#....#
...####.
#....# .....
####....+
.#...
#.......#
.#...
#.......# ..
#.......#
#####.#...#
..#####.###.#
.......@..#.#
.......O..# #
..........#
..........#
..........#
..........#
...)......#
..........#


You could see an ogre.

Vanquished Creatures
  A centaur skeleton (D:3)
  Jessica (D:2)
  Terence (D:2)
  2 worker ants
  Robin (D:2)
  4 adders
  2 leopard geckos
  5 orcs (D:3)
  A ball python (D:2)
  2 giant cockroaches (D:3)
  12 goblins
  11 hobgoblins
  5 jackals (D:1)
  5 kobolds
  2 quokkas (D:2)
  4 bats
  4 frilled lizards (D:2)
  10 rats
73 creatures vanquished.

Notes
Turn   | Place    | Note
-------+----------+-------------------------------------------
     0 | D:1      | Fang the Gargoyle Berserker began the quest for the Orb.
     0 | D:1      | Reached XP level 1. HP: 14/14 MP: 1/1
   195 | D:1      | Reached XP level 2. HP: 14/19 MP: 2/2
   699 | D:2      | Reached XP level 3. HP: 8/24 MP: 3/3
   969 | D:2      | Noticed Terence
   978 | D:2      | Killed Terence
   978 | D:2      | Reached XP level 4. HP: 20/29 MP: 4/4
  1153 | D:2      | Reached ** piety under Trog
  1237 | D:2      | Noticed Jessica
  1247 | D:2      | Killed Jessica
  1247 | D:2      | Reached XP level 5. HP: 32/33 MP: 5/5
  1575 | D:2      | Found a basalt altar of Yredelemnul.
  1591 | D:2      | Noticed Robin
  1604 | D:2      | Killed Robin
  2368 | D:3      | Reached *** piety under Trog
  2609 | D:3      | Reached XP level 6. HP: 35/38 MP: 6/6
  2959 | D:4      | Mangled by an ogre

Skill      XL: |  1  2  3  4  5 |
---------------+----------------+-----
Axes           | 3 4 |  4.7
Dodging        | 2 |  2.3
Fighting       | 4 |  4.1
Armour         | 3 |  3.4
Stealth        | |  0.3

Action                   |  1- 3 |  4- 6 || total
-------------------------+-------+-------++-------
Melee: Hand axe          |    82 |   147 ||   229
       War axe           |       |    42 ||    42
Invok: Berserk           |       |     1 ||     1
  Eat: Chunk             |       |     7 ||     7
Armor: Animal skin       |    20 |       ||    20
       Chain mail        |    34 |   124 ||   158
Dodge: Dodged            |    57 |    78 ||   135
